 Dungeon Crawl Stone Soup version 0.30-a0-913-g9934a0ce24 (webtiles) character file.

Game seed: 8969366302484871744

11 a11behringer the Covered (level 2, -5/26 HPs)
             Began as a Meteoran Fighter on Mar 19, 2023.
             Slain by Sigmund
             ... wielding a +0 scythe
              (6 damage)
             ... on level 2 of the Dungeon.
             The game lasted 00:00:58 (115 turns).

a11behringer the Covered (Meteoran Fighter)          Turns: 115, Time: 00:00:59

Health: -5/26      AC:  7    Str: 17    XL:     2   Next: 58%
Magic:  4/4        EV:  9    Int:  9    God:
Gold:   19         SH:  5    Dex: 13    Spells: 2/2 levels left

rFire   . . .      SeeInvis .    a - +0 flail
rCold   . . .      Faith    .    c - +0 buckler
rNeg    . . .      Spirit   .    b - +0 scale mail
rPois   .          Reflect  .    (no helmet)
rElec   .          Rampage  .    (no cloak)
rCorr   .                        (no gloves)
Will    .....                    (no boots) Stlth
                                 (no amulet)
HPRegen 0.24/turn                (no ring)
MPRegen 0.09/turn                (no ring)

@: glowing
A: sense surroundings 1, otherworldly, glowing, explore regen
a: no special abilities


You were on level 2 of the Dungeon.
You visited 1 branch of the dungeon, and saw 2 of its levels.

You collected 19 gold pieces.

Inventory:

Hand Weapons
 a - a +0 flail (weapon)
Armour
 b - a +0 scale mail (worn)
 c - a +0 buckler (worn)
Potions
 d - a potion of might
 e - a potion of resistance {unknown}


   Skills:
 + Level 3.3 Fighting
 * Level 3.1 Maces & Flails
 + Level 3.7 Armour
 + Level 0.6 Dodging
 + Level 3.7 Shields
 + Level 0.8 Spellcasting


You had 2 spell levels left.
You didn't know any spells.
Your spell library was empty.

Dungeon Overview and Level Annotations

Branches:
Dungeon (2/15) Zot: 1073

Altars:

Annotations:
D:2 Sigmund


Innate Abilities, Weirdness & Mutations

You passively map a small area around you.
You are easily found by Zot.
You glow in the dark.
You regain HP and MP as you explore.


Message History

You slide downwards.
The hatch slams shut behind you.
HP restored.
e - a purple potion Sigmund and a ball python come into view.
Sigmund is wielding a +0 scythe and wearing a +2 robe of cold resistance.
Found a stone staircase leading up.
Sigmund shouts!
The ball python hisses angrily.
Sigmund says, "Don't worry, I'll kill you fast."
The ball python bites you but does no damage.
The ball python barely misses you.
Sigmund casts a spell.
Sigmund flickers and vanishes!
Deactivating autopickup; reactivate with Ctrl-A.
You sock the ball python!
You kill the ball python!
No target in view!
No target in view!
You see here a ball python corpse.
Something hits you but does no damage.
You barely miss something. Something hits you but does no damage.
You completely miss something.
You hear some strange, mumbled words.
You are confused.
Something hits you but does no damage.
You see here a ball python corpse.
You're too confused to move!
Something hits you!
You bump into the rock wall.
Something hits you.
You feel less confused.
You hit something. Something hits you but does no damage.
You closely miss something. Something hits you.
You hit something. Something hits you.
* * * LOW HITPOINT WARNING * * *
You barely miss something. Something hits you but does no damage.
You closely miss something. Something hits you.
* * * LOW HITPOINT WARNING * * *
You miss something. You closely miss something. Something hits you.
* * * LOW HITPOINT WARNING * * *
You miss something. Something hits you.
You die...

...##### #########
#.....# #.......#
#.###.######..####.##
#.........###...# ,
,* #.######.##...#.#
, ...# #.##.#...# ,
*##### #.##.##.## *
#.......# * * *
####@#### #{# * * #.#
* ,, #.# , *... ,
#<#.# *** * #. .# ##
##


There were no monsters in sight!

Vanquished Creatures
  2 bats (D:1)
  A hobgoblin (D:1)
  4 jackals (D:1)
  2 ball pythons
  A rat (D:1)
10 creatures vanquished.

Notes
Turn   | Place    | Note
-------+----------+-------------------------------------------
     0 | D:1      | a11behringer the Meteoran Fighter began the quest for the
                  | Orb.
     0 | D:1      | Reached XP level 1. HP: 19/19 MP: 2/2
    43 | D:1      | Reached XP level 2. HP: 22/26 MP: 3/3
    94 | D:2      | Noticed Sigmund
   114 | D:2      | HP: 1/26 [something (2)]
   115 | D:2      | Slain by Sigmund

Illustrated notes

Levels and vault maps discovered:
D:1:      elethiomel_arrival_shortcut, layout_basic, serial_shops,
          nicolae_shop_overgrown_old_shop
D:2:      layout_loops_cross, dreamdust_ecumenical_altar_hidden_monk_grotto,
          grunt_decor_arrowhead, uniq_sigmund

Skill      XL: |  1  2 |
---------------+-------+-----
Maces & Flails | 3 |  3.1
Fighting       | |  3.3
Armour         | |  3.7
Dodging        | |  0.6
Shields        | |  3.7
Spellcasting   | |  0.8

Action                     || total
---------------------------++-------
  Melee: Flail             ||    36
 Armour: Scale mail        ||    42
  Dodge: Dodged            ||    26
  Block: Buckler           ||    10

Table legend: (Time is in decaauts)
 A = Elapsed time spent in this place.
 B = Non-inter-level travel time spent in this place.
 C = Inter-level travel time spent in this place.
 D = Time resting spent in this place.
 E = Time spent auto-exploring this place.
 F = Levels seen in this place.
 G = Mean time per level.
                   A        B        C        D        E       F      G
               +--------+--------+--------+--------+--------+-----+--------+
         Total |    124 |    120 |      4 |      0 |     52 |   2 |   62.0 |
       Dungeon |    124 |    120 |      4 |      0 |     52 |   2 |   62.0 |
               +--------+--------+--------+--------+--------+-----+--------+

Top non-repeatable levels by time:
     D:1: 74 daAuts
     D:2: 50 daAuts
